 Dungeon Crawl Stone Soup version 0.14-b1-61-g429ec3a (webtiles) character file.

527 HawkPuma the Skirmisher (level 6, -4/66 HPs)
             Began as an Ogre-Mage Ice Elementalist on May 4, 2014.
             Killed by divine providence
             ... invoked by an orc priest
              (10 damage)
             ... on Level 4 of the Dungeon.
             The game lasted 00:09:52 (4397 turns).

HawkPuma the Skirmisher (OMIE)                      Turns: 4397, Time: 00:09:52

HP  -4/66        AC  3     Str  9      XL: 6   Next: 68%
MP   8/15        EV 10     Int 19      God:
Gold 161         SH  0     Dex 10      Spells:  3 memorised,  6 levels left

rFire  . . .     SeeInvis .     o - +0,+1 whip (elec)
rCold  . . .     Clarity  .     a - +0 robe
rNeg   . . .     Conserve .     (shield restricted)
rPois  .         rCorr    .     (helmet restricted)
rElec  .                        rSlow .
                                l - +0 cloak
SustAb . .       Spirit   .     (gloves unavailable)
rMut   .         Warding  .     (boots unavailable)
Saprov . . .     Stasis   .     (no amulet)
MR     .....                    (no ring)
                                (no ring)

@: very slightly contaminated, not resistant to hostile enchantments, unstealthy
A: unfitting armour, fast metabolism 1
a: no special abilities


You were on level 4 of the Dungeon.
You were very hungry.

You visited 1 branch of the dungeon, and saw 4 of its levels.

You collected 161 gold pieces.

Inventory:

Hand weapons
 o - a +0,+1 whip of electrocution (weapon)
Missiles
 m - 8 javelins (quivered)
Armour
 a - a +0 robe (worn)
 l - a +0 cloak (worn)
Comestibles
 c - 3 meat rations
 f - 4 bread rations
 p - 2 apples
Scrolls
 d - a scroll of identify
 e - 2 scrolls of remove curse
 g - a scroll of magic mapping
 h - a scroll of immolation {unknown}
 k - 2 scrolls of teleportation
Potions
 i - a potion of curing
 n - a potion of flight
 q - a potion of cure mutation
Books
 b - a book of Frost

   Spells                             Type                      Level
   *Freeze                            Ice                          1
   *Throw Frost                       Conjuration/Ice              2
   Ozocubu's Armour                   Charms/Ice                   3
   *Throw Icicle                      Conjuration/Ice              4
   Summon Ice Beast                   Ice/Summoning                4
   Condensation Shield                Ice                          4
 j - a book of Clouds

   Spells                             Type                      Level
   Mephitic Cloud                     Conjuration/Poison/Air       3
   Conjure Flame                      Conjuration/Fire             3
   Poisonous Cloud                    Conjuration/Poison/Air       6
   Freezing Cloud                     Conjuration/Ice/Air          6
   Ring of Flames                     Charms/Fire                  7


   Skills:
 + Level 5.1 Fighting
 - Level 2.0 Dodging
 - Level 2.0 Stealth
 - Level 4.0 Spellcasting
 - Level 1.0 Conjurations
 - Level 4.0 Ice Magic


You had 6 spell levels left.
You knew the following spells:

 Your Spells              Type           Power        Failure   Level  Hunger
a - Freeze                Ice            ###.         2%          1    None
b - Throw Frost           Conj/Ice       ##....       10%         2    #......
c - Throw Icicle          Conj/Ice       ##......     50%         4    ####...


Dungeon Overview and Level Annotations

Branches:
Dungeon (4/15)
 Temple: D:4-7

Altars:


Innate Abilities, Weirdness & Mutations

You are too large for most types of armour.
You have a fast metabolism.


Message History

* * * LOW HITPOINT WARNING * * *
You hit the orc priest but do no damage.
The orc misses you. The orc priest completely misses you.
You hit the orc priest.
The orc priest is lightly wounded.
The orc hits you but does no damage. The orc priest hits you.
* * * LOW HITPOINT WARNING * * *
You barely miss the orc priest.
The orc priest is lightly wounded.
The orc priest hits you but does no damage.
The orc hits you with a flail.
* * * LOW HITPOINT WARNING * * *
You barely miss the orc priest.
The orc priest is lightly wounded.
The orc priest hits you.
* * * LOW HITPOINT WARNING * * *
The orc closely misses you.
The orc priest mumbles some strange prayers to Beogh against you.
Something smites you!
You die...

#.# #. #.# #. #.# #####
#. #.# #... #.
#.###.#.####.
##.%...#....>.
#####......##..#..
#.......##.##.....
###.###@###.#.##.##.##..
#...oo)o# #.#.#.........
###.##### #.#.#..##.##..
#.#.#.........
#.#.#.###.##.. #.#.#.
#.#... #.#.#. ..#..# .
#. ###..# . ....#


You could see an orc priest and 2 orcs.

Vanquished Creatures
  A phantom (D:4)
  2 scorpions (D:4)
  2 iguanas (D:4)
  An orc wizard (D:4)
  2 adders (D:3)
  A giant mite (D:1)
  A giant gecko (D:2)
  2 orcs
  11 bats
  5 giant cockroaches
  14 hobgoblins
  10 kobolds
  2 quokkas (D:2)
  A ball python (D:2)
  2 giant newts
  10 goblins
  8 rats
75 creatures vanquished.

Notes
Turn   | Place    | Note
--------------------------------------------------------------
     0 | D:1      | HawkPuma, the Ogre-Mage Ice Elementalist, began the quest for the Orb.
     0 | D:1      | Reached XP level 1. HP: 16/16 MP: 3/3
   575 | D:1      | Reached XP level 2. HP: 19/24 MP: 0/6
   675 | D:1      | Paralysed by a potion of paralysis for 2 turns
   904 | D:1      | Learned a level 2 spell: Throw Frost
  1054 | D:1      | Reached XP level 3. HP: 14/31 MP: 6/8
  2237 | D:2      | Reached XP level 4. HP: 26/39 MP: 10/10
  2865 | D:3      | Reached skill level 4 in Ice Magic
  3199 | D:3      | Reached skill level 1 in Fighting
  3819 | D:4      | Noticed a phantom
  3835 | D:4      | Killed a phantom
  3835 | D:4      | Reached XP level 5. HP: 31/53 MP: 3/13
  4046 | D:4      | Reached XP level 6. HP: 53/62 MP: 4/15
  4052 | D:4      | Learned a level 4 spell: Throw Icicle
  4387 | D:4      | Reached skill level 5 in Fighting
  4397 | D:4      | Killed from afar by an orc priest

Action                   |  1- 3 |  4- 6 || total
-------------------------+-------+-------++-------
Melee: Unarmed           |    16 |       ||    16
       Club              |    45 |       ||    45
       Whip              |    36 |    78 ||   114
 Cast: Freeze            |    40 |    28 ||    68
       Throw Frost       |     8 |    14 ||    22
  Use: Scroll            |     5 |     3 ||     8
       Potion            |     3 |     2 ||     5
